 Dungeon Crawl Stone Soup version 0.24.0-37-gcf1ca852f1 (webtiles) character file.

Game seed: 4588574927858368441, levelgen mode: deterministic

315 Iamsoldier the Charmwright (level 6, -15/76 HPs)
             Began as a Gnoll Skald on Nov 27, 2019.
             Killed from afar by a killer bee (26 damage)
             ... with an exploding inner flame
             ... hexed by the player character
             ... on level 3 of the Dungeon.
             The game lasted 00:05:59 (1966 turns).

Iamsoldier the Charmwright (Gnoll Skald)            Turns: 1966, Time: 00:06:00

Health: -15/76     AC:  8    Str: 19    XL:     6   Next: 43%
Magic:  13/14      EV: 14    Int: 16    God:
Gold:   133        SH:  0    Dex: 15    Spells: 6/15 levels left

rFire    . . .     SeeInvis .   a - +1 spear
rCold    . . .     Gourm    .   (no shield)
rNeg     . . .     Faith    .   b - +0 leather armour
rPois    .         Spirit   .   p - +1 helmet
rElec    .         Reflect  .   e - +2 cloak
rCorr    .         Harm     .   (no gloves)
MR       .....                  (no boots)
Stlth    ..........             (no amulet)
HPRegen  0.22/turn              (no ring)
MPRegen  0.14/turn              (no ring)

@: berserking, lethally poisoned (-15 -> -18), very quick
A: distributed training, fangs 1, strong nose
a: no special abilities


You were on level 3 of the Dungeon.
You were not hungry.

You visited 1 branch of the dungeon, and saw 3 of its levels.

You collected 133 gold pieces.

Inventory:

Hand Weapons
 a - a +1 spear (weapon)
Armour
 b - a +0 leather armour (worn)
 e - a +2 cloak (worn)
 p - a +1 helmet (worn)
Scrolls
 c - 3 scrolls of identify {unknown}
 k - 4 scrolls of teleportation {unknown}
 o - 3 scrolls of remove curse {unknown}
 r - a scroll of magic mapping
Potions
 f - a potion of magic {unknown}
 h - a potion of might {unknown}
 i - a potion of ambrosia {unknown}
 j - a potion of curing {unknown}
 q - a potion of berserk rage
Comestibles
 d - 6 rations
 m - 6 chunks of flesh


   Skills:
 + Level 5.0 Fighting
 + Level 1.9 Short Blades
 + Level 1.9 Long Blades
 + Level 1.9 Axes
 + Level 1.9 Maces & Flails
 + Level 5.0 Polearms
 + Level 1.9 Staves
 + Level 1.9 Slings
 + Level 1.9 Bows
 + Level 1.9 Crossbows
 + Level 1.9 Throwing
 + Level 3.2 Armour
 + Level 5.0 Dodging
 + Level 1.9 Stealth
 + Level 1.9 Shields
 + Level 1.9 Unarmed Combat
 + Level 5.3 Spellcasting
 + Level 1.5 Conjurations
 + Level 1.5 Hexes
 + Level 5.6 Charms
 + Level 1.5 Summonings
 + Level 1.5 Necromancy
 + Level 1.5 Translocations
 + Level 1.5 Transmutations
 + Level 1.5 Fire Magic
 + Level 1.5 Ice Magic
 + Level 1.5 Air Magic
 + Level 1.5 Earth Magic
 + Level 1.5 Poison Magic
 + Level 2.1 Invocations
 + Level 1.9 Evocations


You had 6 spell levels left.
You knew the following spells:

 Your Spells              Type           Power        Failure   Level  Hunger
a - Infusion              Chrm           ###.         1%          1    None
b - Shroud of Golubria    Chrm/Tloc      ###...       6%          2    #......
c - Spectral Weapon       Hex/Chrm       ###.....     12%         3    ###....
d - Regeneration          Chrm/Necr      ###.......   12%         3    ###....

Your spell library contained the following spells:

 Spells                   Type           Power        Failure   Level  Hunger
 Song of Slaying          Chrm           ###.....     2%          2    #......


Dungeon Overview and Level Annotations

Branches:
Dungeon (3/15)

Altars:
Ru


Innate Abilities, Weirdness & Mutations

Your experience applies equally to all skills.
You have very sharp teeth.
Your uncanny sense of smell can sniff out nearby items.


Message History

The killer bee explodes!
The fiery explosion engulfs the killer bee!!
The killer bee explodes!
The fiery explosion engulfs the killer bee!
The killer bee is almost dead.
The fiery explosion engulfs the killer bee!
The killer bee explodes!
The fiery explosion engulfs the killer bee!!
The killer bee explodes!
You have reached level 6!
Your experience leads to an increase in your attributes!
Your base attributes are Str 13, Int 16, Dex 15.
Increase (S)trength, (I)ntelligence, or (D)exterity?
You feel stronger.
Your Invocations skill increases to level 2!
Your Fighting skill increases to level 5!
Your Polearms skill increases to level 5!
Your Dodging skill increases to level 5!
The fiery explosion engulfs you!!
You die...

,,,**#.,*###.....yy......,,,,,,,,
..,,,...,................,**,***,
..,**#...**#...#y....#...,,,,***,
...###...#*#(............,,,,,,,,
..........##..##.....#.#*,**,,**,
...###.......yy........#*,**,,**,
.........................,,,,,,*,
...#*#.#..##§§#####..####,,,,,**,
...###.#..##§§§§@o.o..o.,,,,,,,,,
..........##§§#####..##.****,***,
.........................,,,,* *,
..####.........####..##.****,***,
...)................,,,,,,,,,,,,,
#..###.........####.,**,*,*******
≈..###.......(.# *,,**,*,*
≈...........)..#***,,**,*,*******
≈#.............#*,*,,,,,,,,,,,,,*


You could see an orc priest (inner flame) and 2 orcs.

Vanquished Creatures
  3 killer bees (D:3)
  A bullfrog zombie (D:3)
  Robin (D:2)
  3 gnolls (D:2)
  3 adders
  An ooze (D:2)
  8 dart slugs
  4 leopard geckos
  3 giant cockroaches
  11 goblins
  7 hobgoblins (D:2)
  8 jackals
  7 kobolds
  6 bats
  3 frilled lizards
  8 rats
77 creatures vanquished.

Vanquished Creatures (others)
  A spectral weapon (D:3)
1 creature vanquished.

Grand Total: 78 creatures vanquished

Notes
Turn   | Place    | Note
-------+----------+-------------------------------------------
     0 | D:1      | Iamsoldier the Gnoll Skald began the quest for the Orb.
     0 | D:1      | Reached XP level 1. HP: 20/20 MP: 6/6
   160 | D:1      | Reached XP level 2. HP: 26/26 MP: 7/7
   166 | D:1      | Learned a level 2 spell: Shroud of Golubria
   292 | D:1      | Reached XP level 3. HP: 29/31 MP: 0/9
   300 | D:1      | Learned a level 3 spell: Regeneration
   304 | D:1      | Learned a level 3 spell: Spectral Weapon
   373 | D:1      | Reached skill level 5 in Spellcasting
   740 | D:2      | Reached skill level 1 in Invocations
   900 | D:2      | Noticed Robin
   913 | D:2      | Killed Robin
   913 | D:2      | Reached skill level 1 in Short Blades
   913 | D:2      | Reached skill level 1 in Long Blades
   913 | D:2      | Reached skill level 1 in Axes
   913 | D:2      | Reached skill level 1 in Maces & Flails
   913 | D:2      | Reached skill level 1 in Staves
   913 | D:2      | Reached skill level 1 in Slings
   913 | D:2      | Reached skill level 1 in Bows
   913 | D:2      | Reached skill level 1 in Crossbows
   913 | D:2      | Reached skill level 1 in Throwing
   913 | D:2      | Reached skill level 1 in Stealth
   913 | D:2      | Reached skill level 1 in Shields
   913 | D:2      | Reached skill level 1 in Unarmed Combat
   913 | D:2      | Reached skill level 1 in Evocations
   914 | D:2      | Reached XP level 4. HP: 38/38 MP: 6/11
  1227 | D:2      | Reached skill level 1 in Conjurations
  1227 | D:2      | Reached skill level 1 in Hexes
  1227 | D:2      | Reached skill level 1 in Summonings
  1227 | D:2      | Reached skill level 1 in Necromancy
  1227 | D:2      | Reached skill level 1 in Translocations
  1227 | D:2      | Reached skill level 1 in Transmutations
  1227 | D:2      | Reached skill level 1 in Fire Magic
  1227 | D:2      | Reached skill level 1 in Ice Magic
  1227 | D:2      | Reached skill level 1 in Air Magic
  1227 | D:2      | Reached skill level 1 in Earth Magic
  1227 | D:2      | Reached skill level 1 in Poison Magic
  1268 | D:2      | Found a sacrificial altar of Ru.
  1272 | D:2      | Reached XP level 5. HP: 36/43 MP: 3/12
  1966 | D:3      | Reached XP level 6. HP: 10/50 MP: 13/13
  1966 | D:3      | Reached skill level 5 in Fighting
  1966 | D:3      | Reached skill level 5 in Polearms
  1966 | D:3      | Reached skill level 5 in Dodging
  1966 | D:3      | Killed from afar by a killer bee

Levels and vault maps discovered:
D:1:      dpeg_arrival_connections, layout_rooms
D:2:      layout_basic, hangedman_ru_absence, serial_glass, glass_columns_c,
          glass_columns_c, first_ration, uniq_robin
D:3:      kennysheep_slugbush, layout_basic, overflow_temple_1_default,
          gammafunk_ghost_nasty_kobolds

Skill      XL: |  1  2  3  4  5  6 |
---------------+-------------------+-----
Spellcasting   | 5 |  5.3
Invocations    | 1 2 |  2.1
Short Blades   | 1 |  1.9
Long Blades    | 1 |  1.9
Axes           | 1 |  1.9
Maces & Flails | 1 |  1.9
Staves         | 1 |  1.9
Slings         | 1 |  1.9
Bows           | 1 |  1.9
Crossbows      | 1 |  1.9
Throwing       | 1 |  1.9
Stealth        | 1 |  1.9
Shields        | 1 |  1.9
Unarmed Combat | 1 |  1.9
Evocations     | 1 |  1.9
Conjurations   | 1 |  1.5
Hexes          | 1 |  1.5
Summonings     | 1 |  1.5
Necromancy     | 1 |  1.5
Translocations | 1 |  1.5
Transmutations | 1 |  1.5
Fire Magic     | 1 |  1.5
Ice Magic      | 1 |  1.5
Air Magic      | 1 |  1.5
Earth Magic    | 1 |  1.5
Poison Magic   | 1 |  1.5
Armour         | 3 |  3.2
Fighting       | 5 |  5.0
Polearms       | 5 |  5.0
Dodging        | 5 |  5.0
Charms         | |  5.6

Action                   |  1- 3 |  4- 6 || total
-------------------------+-------+-------++-------
Melee: Spear             |   104 |   130 ||   234
       Bite              |     7 |    11 ||    18
 Cast: Infusion          |     4 |     2 ||     6
       Shroud of Golubri |     3 |     3 ||     6
       Spectral Weapon   |     1 |     5 ||     6
  Use: Scroll            |       |     5 ||     5
       Potion            |       |     1 ||     1
 Stab: Distracted        |       |     1 ||     1
       Sleeping          |       |     1 ||     1
  Eat: Chunk             |       |     4 ||     4
Armor: Leather armour    |    25 |    25 ||    50
Dodge: Dodged            |    64 |    77 ||   141
